 Seeded DCSS version 0.31-a0-544-gceb718ecc6 (webtiles) character file.

Game seed: 3826825538972431165 (custom seed)

9 innerfire43 the Trooper (level 2, 0/24 HPs)
             Began as a Demonspawn Monk on Aug 15, 2023.
             Slain by a goblin
             ... wielding a +0 club
              (2 damage)
             ... on level 1 of the Dungeon.
             The game lasted 00:00:23 (177 turns).

innerfire43 the Trooper (Demonspawn Monk)            Turns: 177, Time: 00:00:24

Health: 0/24       AC:  2    Str: 11    XL:     2   Next: 6%
Magic:  2/2        EV: 13    Int: 11    God:
Gold:   44         SH:  4    Dex: 15    Spells: 1/1 levels left

rFire   . . .        a - +0 spear
rCold   . . .        d - orb {light}
rNeg    . . .        b - +0 robe
rPois   .            (no helmet)
rElec   .            (no cloak)
rCorr   .            (no gloves)
SInv    .            (no boots)
Will    .....        (no amulet)
Stlth   +            (no ring)
HPRegen 0.24/turn    (no ring)
MPRegen 0.08/turn

%: no passive effects
@: glowing
A: condensation shield
a: no special abilities


You were on level 1 of the Dungeon.
You visited 1 branch of the dungeon, and saw 1 of its levels.

You collected 44 gold pieces.

Inventory:

Hand Weapons
 a - a +0 spear (weapon)
Armour
 b - a +0 robe (worn)
 d - an orb of light (worn)
Scrolls
 e - a scroll of acquirement
 f - 2 scrolls of vulnerability {unknown}
Potions
 c - a potion of ambrosia


   Skills:
 + Level 3.2 Fighting
 + Level 2.9 Polearms
 + Level 2.9 Dodging


You had one spell level left.
You didn't know any spells.
Your spell library was empty.

Dungeon Overview and Level Annotations

Branches:
Dungeon (1/15)

Altars:


Innate Abilities, Weirdness & Mutations

A meltable shield of frost defends you. (SH +4)


Message History

The endoplasm barely misses you. The rat misses you.
You block the goblin's attack. The endoplasm barely misses you.
The goblin hits you with a +0 club. The rat bites you.
The endoplasm barely misses you. You block the rat's attack.
The goblin closely misses you. You block the endoplasm's attack.
You block the rat's attack. The goblin closely misses you.
The endoplasm hits you. The rat misses you. The goblin barely misses you.
The endoplasm barely misses you. The rat barely misses you.
The goblin hits you with a +0 club. The endoplasm hits you.
The goblin barely misses you. The rat barely misses you.
The endoplasm barely misses you. The rat closely misses you.
The goblin barely misses you. The endoplasm barely misses you.
The rat bites you. The goblin closely misses you. The endoplasm misses you.
The rat closely misses you. The goblin closely misses you.
The endoplasm barely misses you. The rat misses you.
The goblin barely misses you. The endoplasm misses you.
The goblin hits you with a +0 club. The rat barely misses you.
The endoplasm misses you. You block the rat's attack.
The goblin hits you with a +0 club.
* * * LOW HITPOINT WARNING * * *
The endoplasm barely misses you. The rat closely misses you.
The goblin closely misses you. The endoplasm freezes you.
You are frozen.
* * * LOW HITPOINT WARNING * * *
The rat barely misses you. The goblin hits you with a +0 club.
* * * LOW HITPOINT WARNING * * *
The endoplasm barely misses you. You block the rat's attack.
The goblin closely misses you. The endoplasm closely misses you.
The goblin closely misses you. The rat barely misses you.
You block the endoplasm's attack. The rat barely misses you.
The goblin hits you with a +0 club.
You die...

#.......
###......#
..)......#
..#......#
.........+
#......#
#...Jgr#
#@# #.#
#.#
#.#######
.#


#.PPPPPPP .P #.PPPP... .. #.PPP.PPP .PP #.PP.PPPP .PPP #.P.PPPPP P.PPPP You
could see an endoplasm, a goblin and a rat.

Vanquished Creatures
  A dart slug (D:1)
  2 bats (D:1)
  An endoplasm (D:1)
  A goblin (D:1)
  A ball python (D:1)
  A frilled lizard (D:1)
  A rat (D:1)
8 creatures vanquished.

Notes
Turn   | Place    | Note
-------+----------+-------------------------------------------
     0 | D:1      | innerfire43 the Demonspawn Monk began the quest for the
                  | Orb.
     0 | D:1      | Reached XP level 1. HP: 18/18 MP: 1/1
   157 | D:1      | Identified a scroll of acquirement
   158 | D:1      | Gained mutation: A meltable shield of frost defends you.
                  | (SH +4) [demonic ancestry]
   158 | D:1      | Reached XP level 2. HP: 21/24 MP: 2/2
   174 | D:1      | HP: 1/24 [goblin/+0 club (4)]
   177 | D:1      | Slain by a goblin

Illustrated notes

Levels and vault maps discovered:
D:1:      roderic_crop_circles_arrival_large, layout_basic

Action                     || total
---------------------------++-------
  Melee: Spear             ||    29
 Armour: Robe              ||     4
  Dodge: Dodged            ||    48
  Block: Orb               ||     8

Table legend: (Time is in decaauts)
 A = Elapsed time spent in this place.
 B = Non-inter-level travel time spent in this place.
 C = Inter-level travel time spent in this place.
 D = Time resting spent in this place.
 E = Time spent auto-exploring this place.
 F = Levels seen in this place.
 G = Mean time per level.
                   A        B        C        D        E       F      G
               +--------+--------+--------+--------+--------+-----+--------+
         Total |    175 |    175 |      0 |      0 |    102 |   1 |  175.0 |
       Dungeon |    175 |    175 |      0 |      0 |    102 |   1 |  175.0 |
               +--------+--------+--------+--------+--------+-----+--------+

Top non-repeatable levels by time:
     D:1: 175 daAuts
